Map: Lock & Load

Players

monk

  • Race: Terran Terran
  • Spawn Location: 7:00

Terin

  • Race: Terran Terran
  • Spawn Location: 6:00

VOD

Have the link to the VOD?

Description

Time

  • Played on: Aug. 25, 2017, 2:41 a.m.
  • Length: 22:34
Show
View Real Time Build Order
Export as new Build Order

monk Terran 

Build Orders:  

Get SALT Encoding   

  12  0:07  SCV  
  13  0:24  SCV  
  13  0:27  Supply Depot  
  15  0:41  SCV  
  15  0:59  Factory  
  16  1:00  SCV  
  16  1:17  SCV  
  17  1:34  SCV  
  17  1:36  Devastation Turret  
  19  1:50  SCV  
  19  1:52  Devastation Turret  
  19  2:07  SCV  
  20  2:24  SCV  
  21  2:31  Command Center  
  22  2:41  SCV  
  22  2:42  Refinery  
  22  2:58  SCV  
  24  3:00  SCV  
  24  3:08  Refinery  
  24  3:15  SCV  
  24  3:17  SCV  
  24  3:19  Refinery  
  27  3:32  SCV  
  27  3:35  Refinery  
  27  3:36  SCV  
  28  3:43  Factory Tech Reactor  
  28  3:49  SCV  
  29  3:53  SCV  
  29  3:57  Supply Depot  
  30  4:06  SCV  
  26  4:10  SCV  
  32  4:23  SCV  
  32  4:26  SCV  
  32  4:29  Starport  
  34  4:32  Factory Tech Reactor  
  35  4:40  SCV  
  35  4:43  SCV  
  35  4:44  Supply Depot  
  36  4:57  SCV  
  38  5:02  SCV  
  38  5:14  SCV  
  38  5:19  Starport Tech Reactor, SCV  
  40  5:21  Science Vessel, Hercules  
  40  5:29  Supply Depot  
  46  5:31  SCV  
  46  5:36  SCV  
  47  5:43  Siege Tank  
  47  5:48  SCV  
  51  5:52  SCV  
  51  5:59  Siege Tank  
  55  6:03  Supply Depot  
  55  6:05  SCV  
  55  6:06  Maelstrom Rounds  
  57  6:10  SCV  
  58  6:21  SCV  
  58  6:23  Siege Tank  
  58  6:27  SCV  
  62  6:35  Supply Depot  
  62  6:38  SCV  
  63  6:42  Improved Nano-Repair  
  63  6:44  SCV  
  63  6:49  Siege Tank  
  67  6:53  Science Vessel  
  67  6:59  SCV  
  70  7:08  Supply Depot  
  70  7:13  SCV, Siege Tank  
  70  7:16  SCV  
  70  7:17  Siege Tank x3  
  75  7:33  Armory  
  75  7:36  Supply Depot  
  75  7:40  Siege Tank  
  80  7:50  SCV x2  
  80  8:04  Perdition Turret  
  80  8:11  Siege Tank  
  80  8:15  Upgrade Laser Drill Level 1  
  80  8:16  Terran Vehicle and Ship Weapons Level 1, Siege Tank  
  80  8:18  Supply Depot  
  80  8:19  Supply Depot  
  86  8:27  Factory  
  86  8:35  SCV x2  
  86  8:39  Ares-Class Targeting System  
  88  8:40  Defensive Matrix  
  88  9:05  Goliath x2  
  92  9:10  Science Vessel x2  
  92  9:14  SCV  
  97  9:28  Factory Tech Reactor  
  97  9:30  Perdition Turret  
  97  9:32  Perdition Turret  
  97  9:39  Multi-Lock Weapons System  
  97  9:48  Supply Depot  
  97  9:56  Goliath x4  
  97  9:59  Siege Tank  
  105  10:06  Perdition Turret  
  102  10:20  Supply Depot  
  102  10:28  Goliath x2  
  106  10:34  Goliath  
  106  10:35  Goliath  
  106  10:36  Perdition Turret  
  113  10:52  Supply Depot  
  113  10:54  Supply Depot  
  113  10:55  SCV x2  
  115  11:04  Goliath x2  
  115  11:05  Supply Depot  
  119  11:13  Spinning Dizzy x2  
  119  11:25  Supply Depot  
  117  11:42  Science Vessel, Goliath x3  
  123  11:55  Goliath  
  125  12:01  Siege Tank  
  125  12:08  Upgrade Laser Drill Level 2  
  125  12:10  Terran Vehicle and Ship Weapons Level 2  
  125  12:24  Goliath x2  
  129  12:49  Goliath x2  
  133  12:56  Goliath  
  133  12:59  Goliath  
  137  13:00  Supply Depot  
  137  13:07  Spinning Dizzy  
  137  13:24  Goliath  
  137  13:25  Goliath  
  137  13:27  Supply Depot  
  141  13:46  Goliath  
  141  13:47  Goliath  
  145  13:56  Goliath  
  145  13:57  Goliath  
  149  14:00  Siege Tank  
  149  14:10  Science Vessel  
  149  14:18  Goliath  
  149  14:19  Spinning Dizzy, Siege Tank x2  
  151  14:23  Spinning Dizzy  
  140  14:38  Goliath  
  140  14:39  Goliath x2  
  135  14:55  Science Vessel  
  135  14:58  Goliath  
  139  15:10  Goliath  
  141  15:24  Supply Depot  
  141  15:26  Supply Depot  
  141  15:29  Spinning Dizzy  
  141  15:33  Spinning Dizzy  
  141  15:45  Goliath x2  
  145  15:52  Terran Vehicle and Ship Weapons Level 3  
  145  15:53  Spinning Dizzy x2  
  145  15:54  Spinning Dizzy  
  145  15:59  Spinning Dizzy  
  145  16:01  Spinning Dizzy  
  145  16:09  Armory  
  145  16:27  Thor  
  145  16:29  Goliath  
  153  16:33  Siege Tank x2  
  153  16:47  Goliath x2  
  157  16:56  Science Vessel  
  159  17:15  Goliath x2  
  161  17:21  Thor  
  161  17:27  Supply Depot  
  161  17:29  Supply Depot  
  165  17:30  Perdition Turret  
  165  17:42  Science Vessel  
  167  18:08  Regenerative Bio-Steel  
  165  18:28  Goliath x2  
  165  18:29  Goliath x2  
  169  19:00  Goliath x2  
  169  19:29  Goliath x2, Siege Tank  
  118  19:30  Siege Tank x2  
  171  19:38  Terran Vehicle And Ship Armor Level 1  
  167  19:56  Goliath x2  
  163  20:01  Goliath  
  163  20:04  Goliath  
  163  20:08  Advanced Optics  
  169  20:28  Goliath  
  169  20:29  Goliath  
  171  20:32  Goliath  
  171  20:35  Goliath  
  175  21:00  Goliath  
  175  21:01  Goliath  
  175  21:04  Goliath  
  175  21:07  Goliath  
  183  21:14  Siege Tank x8  
  183  21:32  Goliath  
  183  21:33  Goliath  
  183  21:36  Goliath  
  183  21:39  Goliath  
Show
View Real Time Build Order
Export as new Build Order

Terin Terran 

Build Orders:  

Get SALT Encoding   

  12  5:18  SCV  
  13  5:23  Supply Depot  
  13  5:35  SCV  
  14  5:52  SCV  
  15  6:09  SCV  
  16  6:26  SCV  
Tags
 
Commander
RaynorSwann
Matchup
Co-op
Replay Pack
Co-op Speedrun
Add a new tag
Caveats
  • Supply blocks, unpowered buildings, or Contaminate may cause inaccurate times.
  • Supply counts are checked every 10 seconds.